 Dungeon Sprint DCSS version 0.30-a0-358-g0d69a1922f (webtiles) character file.

Game seed: 1718712755069536640

1528 mhtbhm the Basher (level 8, -2/89 HPs)
             Began as a Troll Monk on Nov 10, 2022.
             Was an Elder of Okawaru.
             Killed from afar by a manticore (13 damage)
             ... with a volley of spikes
             ... in the Dungeon (Sprint IX: "|||||||||||||||||||||||||||||") on Nov 11, 2022.
             The game lasted 00:04:15 (398 turns).

mhtbhm the Basher (Troll Monk)                       Turns: 398, Time: 00:04:15

Health: -2/89      AC:  8    Str: 25    XL:     8   Next: 55%
Magic:  6/7        EV: 14    Int:  6    God:    Okawaru [****..]
Gold:   0          SH:  0    Dex: 12    Spells: 7/7 levels left

rFire   . . .      SeeInvis .    a - +2 dire flail (protect)
rCold   . . .      Faith    .    (shield currently unavailable)
rNeg    . . .      Spirit   .    b - +0 acid dragon scales
rPois   .          Reflect  .    (helmet restricted)
rElec   .          Harm     .    (no cloak)
rCorr   +          Rampage  .    (gloves unavailable)
Will    .....      NoTele   +    (boots unavailable)
Stlth   ++........               (no amulet)
HPRegen 1.14/turn                l - +2 ring of evasion
MPRegen 0.10/turn                m - +3 ring of strength

@: spiked
A: large, unfitting armour, claws 3, regeneration 1, shaggy fur 1, tough skin 1
a: Renounce Religion, Heroism, Finesse


You were in the Dungeon.
You worshipped Okawaru.
Okawaru was greatly pleased with you.
You visited 1 branch

Inventory:

Hand Weapons
 a - a +2 dire flail of protection (weapon)
Armour
 b - +0 acid dragon scales (worn)
Jewellery
 l - a +2 ring of evasion (left claw)
 m - a +3 ring of strength (right claw)
Scrolls
 j - 2 scrolls of amnesia
Potions
 c - a potion of ambrosia
 d - 5 potions of curing
 g - 4 potions of magic


   Skills:
 + Level 8.4 Fighting
 + Level 11.9 Maces & Flails
 + Level 0.5 Armour
 + Level 7.3 Dodging
 + Level 4.2 Stealth
 + Level 0.5 Invocations
 + Level 2.2 Evocations


You had 7 spell levels left.
You didn't know any spells.
Your spell library was empty.

Dungeon Overview and Level Annotations

Branches:
Dungeon (1/1)

Altars:
Cheibriados
Dithmenos
Elyvilon
Fedhas
Gozag
Hepliaklqana
Kikubaaqudgha
Makhleb
Nemelex Xobeh
Okawaru
Qazlal
Ru
Sif Muna
Trog
Uskayaw
Vehumet
Wu Jian
Xom
Yredelemnul
Zin
The Shining One
Jiyva
Lugonu


Innate Abilities, Weirdness & Mutations

You are too large for most types of armour.
You have claws for hands.
Your natural rate of healing is unusually fast.
You are covered in fur. (AC +1)
You have tough skin. (AC +1)


Message History

The boulder beetle bites you but does no damage.
Unknown command.
You feel much better. The manticore bites you!
The manticore claws you but does no damage. x2
The boulder beetle bites you but does no damage.
You hit the boulder beetle but do no damage.
The boulder beetle is almost dead.
The manticore barely misses you. x3
You barely miss the boulder beetle.
The boulder beetle is almost dead.
The boulder beetle bites you! The manticore misses you.
The manticore claws you but does no damage. x2
You hit the boulder beetle but do no damage.
The boulder beetle is almost dead.
The boulder beetle bites you!
* * * LOW HITPOINT WARNING * * *
You hit the boulder beetle but do no damage.
The boulder beetle is almost dead.
The manticore completely misses you. The manticore misses you.
The manticore closely misses you. The boulder beetle bites you!
* * * LOW HITPOINT WARNING * * *
Unknown command.
Blink to where?
Press: ? - help, Dir - move target
As you read the scroll of blinking, it crumbles to dust.
Aiming: Fastroot
Press: ? - help, Shift-Dir - straight line, f - boulder beetle
Aim: a boulder beetle (almost dead)
The roots erupt in riotous growth!
Roots grab the boulder beetle.
The now-empty wand crumbles to dust.
The grasping roots constrict the boulder beetle, but do no damage.
The boulder beetle leaps free!
Unknown command.
Unknown command.
Items here: )))))).
The manticore flicks its tail.
The volley of spikes hits you!
The barbed spikes become lodged in your body.
You die...

▓_▓
▓_▓
▓_▓
▓_▓
▓_▓
▓_▓
▓_▓
▓_▓
▓@▓
▓.▓
▓.▓
▓)▓
▓.▓
▓H▓
▓c▓
▓[▓
▓.▓


You could see a centaur warrior and a manticore.

Vanquished Creatures
  A hydra (D)
  A gargoyle (D)
  A yak (D)
  An acid dragon (D)
  An orc warrior (D)
  A killer bee (D)
  A howler monkey (D)
  A hound (D)
  2 iguanas (D)
  An orc wizard (D)
  A gnoll (D)
  A dart slug (D)
  An orc (D)
  A giant cockroach (D)
  A kobold (D)
  A frilled lizard (D)
  A rat (D)
18 creatures vanquished.

Vanquished Creatures (others)
  A yak (D)
1 creature vanquished.

Grand Total: 19 creatures vanquished

Notes
Turn   | Place    | Note
-------+----------+-------------------------------------------
     0 | D        | mhtbhm the Troll Monk began the quest for the Orb.
     0 | D        | Reached XP level 1. HP: 22/22 MP: 0/0
    13 | D        | Reached skill level 3 in Maces & Flails
    21 | D        | Reached XP level 2. HP: 7/31 MP: 1/1
   155 | D        | Reached skill level 4 in Maces & Flails
   155 | D        | Reached XP level 3. HP: 39/39 MP: 2/2
   163 | D        | Reached skill level 5 in Maces & Flails
   163 | D        | Reached XP level 4. HP: 49/49 MP: 3/3
   220 | D        | Found a snail-covered altar of Cheibriados.
   220 | D        | Found a shadowy altar of Dithmenos.
   220 | D        | Found a white marble altar of Elyvilon.
   220 | D        | Found a blossoming altar of Fedhas.
   220 | D        | Found an opulent altar of Gozag.
   221 | D        | Found a hazy altar of Hepliaklqana.
   222 | D        | Found a viscous altar of Jiyva.
   223 | D        | Found an ancient bone altar of Kikubaaqudgha.
   224 | D        | Found a corrupted altar of Lugonu.
   225 | D        | Found a burning altar of Makhleb.
   226 | D        | Found a sparkling altar of Nemelex Xobeh.
   227 | D        | Found an iron altar of Okawaru.
   228 | D        | Found a stormy altar of Qazlal.
   229 | D        | Found a sacrificial altar of Ru.
   230 | D        | Found a shimmering blue altar of Sif Muna.
   231 | D        | Found a bloodstained altar of Trog.
   232 | D        | Found a hide-covered altar of Uskayaw.
   233 | D        | Found a radiant altar of Vehumet.
   234 | D        | Found an ornate altar of the Wu Jian Council.
   235 | D        | Found a shimmering altar of Xom.
   236 | D        | Found a basalt altar of Yredelemnul.
   237 | D        | Found a glowing silver altar of Zin.
   241 | D        | Became a worshipper of Warmaster Okawaru
   241 | D        | Reached * piety under Okawaru
   241 | D        | Reached ** piety under Okawaru
   245 | D        | Found a glowing golden altar of the Shining One.
   274 | D        | Noticed a yak
   274 | D        | Noticed an orc warrior
   274 | D        | Noticed a yak
   274 | D        | Noticed an acid dragon
   280 | D        | Reached skill level 5 in Fighting
   280 | D        | Reached skill level 6 in Maces & Flails
   280 | D        | Reached skill level 5 in Dodging
   280 | D        | Reached XP level 5. HP: 43/57 MP: 4/4
   294 | D        | Killed a yak
   295 | D        | Reached skill level 8 in Maces & Flails
   295 | D        | Reached XP level 6. HP: 49/67 MP: 5/5
   301 | D        | Killed an orc warrior
   306 | D        | Killed a yak
   307 | D        | Reached skill level 9 in Maces & Flails
   317 | D        | Killed an acid dragon
   317 | D        | Reached *** piety under Okawaru
   318 | D        | Reached XP level 7. HP: 55/78 MP: 6/6
   343 | D        | Noticed a gargoyle
   343 | D        | Noticed a six-headed hydra
   343 | D        | Noticed a boulder beetle
   343 | D        | Noticed a manticore
   343 | D        | Noticed a centaur warrior
   361 | D        | Killed a six-headed hydra
   361 | D        | Received a gift from Okawaru
   361 | D        | Reached **** piety under Okawaru
   362 | D        | Reached skill level 11 in Maces & Flails
   362 | D        | Reached skill level 1 in Evocations
   362 | D        | Reached XP level 8. HP: 88/88 MP: 4/7
   379 | D        | Killed a gargoyle
   392 | D        | HP: 4/89 [boulder beetle (15)]
   398 | D        | Killed from afar by a manticore

Illustrated notes

Levels and vault maps discovered:
D:        linesprint [early_d, line_temple, items_1, d_10, items_2, lair_1,
          lair_end, items_3, orc_1, orc_end, items_4, d_15, swamp_1, shoals_1,
          snake_1, spider_1, d_20, vaults_1, items_5, swamp_end, shoals_end,
          snake_end, spider_end, vaults_end, d_27, items_6, zot_1, zot_end,
          crypt_end, forest_end, elf_end, slime_end, tomb_end, abyss_end,
          pan_hell_end]

Skill      XL: |  1  2  3  4  5  6  7  8 |
---------------+-------------------------+-----
Maces & Flails | 3 4 5 6 8 9 11 | 11.9
Fighting       | 3 4 5 6 7 8 |  8.4
Dodging        | 3 4 5 6 7 |  7.3
Stealth        | 2 3 4 |  4.2
Evocations     | 1 2 |  2.2
Armour         | |  0.5
Invocations    | |  0.5

Action                   |  1- 3 |  4- 6 |  7- 9 || total
-------------------------+-------+-------+-------++-------
Melee: Mace              |    36 |    15 |       ||    51
       Punch             |     1 |       |       ||     1
       Dire flail        |       |    35 |    30 ||    65
Invok: Heroism           |       |       |     1 ||     1
Evoke: Wand              |       |       |    10 ||    10
  Use: Potion            |     1 |     3 |     2 ||     6
       Scroll            |       |       |     2 ||     2
 Stab: Invisible         |       |     4 |       ||     4
Armor: Robe              |    11 |    11 |       ||    22
       Acid dragon scale |       |       |    15 ||    15
Dodge: Dodged            |    16 |    25 |    16 ||    57

Table legend: (Time is in decaauts)
 A = Elapsed time spent in this place.
 B = Non-inter-level travel time spent in this place.
 C = Inter-level travel time spent in this place.
 D = Time resting spent in this place.
 E = Time spent auto-exploring this place.
 F = Levels seen in this place.
 G = Mean time per level.
                   A        B        C        D        E       F      G
               +--------+--------+--------+--------+--------+-----+--------+
         Total |    385 |    385 |      0 |    162 |      3 |   1 |  385.0 |
       Dungeon |    385 |    385 |      0 |    162 |      3 |   1 |  385.0 |
               +--------+--------+--------+--------+--------+-----+--------+

Top non-repeatable levels by time:
       D: 385 daAuts
